AoeStats
← billyb928347

Nomad

508310403Analyzed
2v2 RM · 12d ago on Sep 21, 2026· 52m 11s· 4 players
Game mode
Random Map
Map size
176×176
Population
200
Speed
Normal
Resources
Standard
Victory
Conquest
Starting age
Dark Age
Ending age
Imperial Age
RankedLock teamsTeams togetherTeam positionsShared explorationLock speedFull tech treeHidden civsTurbo modeCheats
Victory
Defeat
🇺🇸 Dravidians · United States
1046
+14
🇺🇾 Malay · Uruguay
952
+18
🇺🇸 Japanese · United States
1190
-24
🇺🇸 Khmer · United States
797
-8
DJPhilthy808
10:18 Loom
15:27 Feudal Age
20:48 Castle Age
24:56 Scale Mail Armor
25:07 Forging
28:18 Chain Mail Armor
29:39 Fletching
44:48 Sanctity
44:51 Fervor
billyb928347
5:55 Loom
14:55 Feudal Age
18:37 Double-Bit Axe
23:02 Castle Age
25:13 Medium Warships
28:01 Husbandry
28:12 Bloodlines
29:20 Gold Mining
34:38 Pikeman
39:16 Imperial Age
37:07 Forging
36:58 Scale Mail Armor
36:50 Fletching
40:36 Iron Casting
40:17 Chain Mail Armor
42:03 Horse Collar
42:40 Bow Saw
47:32 Heavy Scorpion
51:08 Chemistry
50:16 Siege Engineers
51:59 Double Crossbow
_oLeeC TTV
12:11 Loom
15:07 Feudal Age
17:50 Double-Bit Axe
25:52 Castle Age
34:56 Bow Saw
38:40 Wheelbarrow
38:13 Stone Mining
38:15 Gold Mining
39:15 Arson
39:31 Squires
44:46 Fletching
44:57 Padded Archer Armor
47:09 Medical Corps
47:05 Bodkin Arrow
51:49 Thumb Ring
52:03 Leather Archer Armor
Fritz Flabbergasted Blitz
12:25 Feudal Age
18:24 Castle Age
17:31 Wheelbarrow
19:33 Forging
19:29 Scale Barding Armor
19:19 Double-Bit Axe
20:04 Husbandry
20:37 Gold Mining
20:53 Fishing Lines
21:19 Town Watch
21:46 Bow Saw
23:37 Hand Cart
24:23 Loom
25:01 Horse Collar
25:46 Gillnets
27:34 Iron Casting
27:49 Gold Shaft Mining
28:23 Light Cavalry
36:42 Town Patrol
39:10 Medium Warships
39:27 Man-at-Arms
40:53 Long Swordsman
41:34 Squires
44:19 Imperial Age
43:17 Arson
43:51 Two-Handed Swordsman
44:40 Forced Levy
45:28 Fletching
46:39 Blast Furnace
50:17 Chemistry
51:38 Bodkin Arrow
52:04 Heavy Plow
Connection lost

Rejoining the realm…

Still unreachable

The connection could not be restored.

Session expired

The server has moved on; the page needs a fresh start.